 Dungeon Crawl Stone Soup version 0.31-a0-1074-g0b22e4e0f1 (webtiles) character file.

Game seed: 16972758570744284660

79 grandjackal the Trooper (level 4, 0/40 HPs)
             Began as a Ghoul Monk on Dec 1, 2023.
             Slain by a gnoll
             ... wielding a +0 whip
              (2 damage)
             ... on level 2 of the Dungeon.
             The game lasted 00:01:30 (1362 turns).

grandjackal the Trooper (Ghoul Monk)                Turns: 1362, Time: 00:01:31

Health: 0/40       AC:  8    Str: 14    XL:     4   Next: 37%
Magic:  3/3        EV:  7    Int: 11    God:
Gold:   50         SH:  0    Dex: 11    Spells: 3/3 levels left

rFire   . .          .
                       - Unarmed
rCold   + . .        c - orb {light}
rNeg    + + +        e - +0 chain mail
rPois   ∞            (no helmet)
rElec   .            (no cloak)
rCorr   .            (no gloves)
SInv    .            (no boots)
Will    .....        (no amulet) Stlth
                     (no ring)
HPRegen 0.00/turn    (no ring)
MPRegen 0.08/turn

%: no passive effects
@: inhibited regen, glowing
A: claws 1, cold resistance 1, negative energy resistance 3, inhibited
regeneration, torment resistance 2, devour on kill
a: no special abilities


You were on level 2 of the Dungeon.
You visited 1 branch of the dungeon, and saw 2 of its levels.

You collected 138 gold pieces.
You spent 88 gold pieces at shops.

Inventory:

Armour
 c - an orb of light (worn)
 e - a +0 chain mail (worn)
Scrolls
 d - 2 scrolls of identify {unknown}
 f - a scroll of silence {unknown}
 i - a scroll of immolation {unknown}
 j - a scroll of teleportation
 k - 2 scrolls of fear
 l - a scroll of poison {unknown}
Potions
 a - a potion of brilliance {unknown}
 b - 2 potions of ambrosia
 g - a potion of mutation {unknown}
 h - 2 potions of lignification {unknown}


   Skills:
 + Level 4.2 Fighting
 + Level 1.3 Armour
 - Level 3.0 Dodging
 + Level 4.1 Unarmed Combat


You had 3 spell levels left.
You didn't know any spells.
Your spell library was empty.

Dungeon Overview and Level Annotations

Branches:
Dungeon (2/15)

Altars:

Shops:
D:2 ?[[


Innate Abilities, Weirdness & Mutations

You are immune to poison.
You have sharp fingernails.
Your flesh is cold resistant. (rC+)
You are immune to negative energy. (rN+++)
You do not regenerate when monsters are visible.
You are immune to unholy pain and torment.
You thrive by killing the living.


Message History

The gnoll is almost dead.
The gnoll hits you from afar with a +0 spear.
The gnoll hits you but does no damage.
The gnoll hits you from afar with a +0 spear.
* * * LOW HITPOINT WARNING * * *
You scratch the gnoll but do no damage.
The gnoll is almost dead.
The gnoll barely misses you.
An endoplasm comes into view.
The gnoll hits you with a +0 whip.
* * * LOW HITPOINT WARNING * * *
The gnoll closely misses you.
You completely miss the gnoll.
The gnoll is almost dead.
The endoplasm quivers.
The gnoll closely misses you. The gnoll hits you but does no damage.
The gnoll hits you from afar with a +0 spear.
* * * LOW HITPOINT WARNING * * *
The gnoll hits you but does no damage.
You barely miss the gnoll.
The gnoll is almost dead.
The gnoll hits you from afar with a +0 spear.
* * * LOW HITPOINT WARNING * * *
The gnoll hits you but does no damage. x2
Unknown command.
You completely miss the gnoll.
The gnoll is almost dead.
The gnoll barely misses you. x2
The gnoll hits you from afar with a +0 spear.
* * * LOW HITPOINT WARNING * * *
The gnoll hits you with a +0 whip.
* * * LOW HITPOINT WARNING * * *
You scratch the gnoll.
The gnoll is almost dead.
The gnoll hits you from afar with a +0 spear.
* * * LOW HITPOINT WARNING * * *
The gnoll barely misses you.
The endoplasm hits you but does no damage.
The gnoll hits you with a +0 whip.
You die...

###########.
#########...........
#...................
##....[..#...J...#
#.....#.....@#.....
#...#.....#.ggg.#..
####..#....#....#g...#
#..<#†..#...#...#...#..
##....).#..#..#..# .#..
.....#.#.#.#.#.#.# #.
.# ##...#.##.##.##.##
## # ##..<##.###.# (#
#...# .# #


You could see 4 gnolls and an endoplasm.

Vanquished Creatures
  4 adders (D:2)
  A worm (D:2)
  3 dart slugs
  A ball python (D:1)
  2 bats
  6 endoplasms
  A goblin (D:2)
  2 hobgoblins (D:2)
  3 kobolds
  4 quokkas
  6 frilled lizards
  2 rats
35 creatures vanquished.

Notes
Turn   | Place    | Note
-------+----------+-------------------------------------------
     0 | D:1      | grandjackal the Ghoul Monk began the quest for the Orb.
     0 | D:1      | Reached XP level 1. HP: 19/19 MP: 0/0
   207 | D:1      | Reached XP level 2. HP: 26/26 MP: 1/1
   885 | D:2      | Reached XP level 3. HP: 33/33 MP: 2/2
   976 | D:2      | Found Bukkiom's Magic Scroll Boutique.
   985 | D:2      | Bought a scroll of teleportation for 33 gold pieces
   985 | D:2      | Bought a scroll of fear for 44 gold pieces
   985 | D:2      | Bought a scroll of noise for 11 gold pieces
   992 | D:2      | Found Fongepp's Armour Emporium.
  1093 | D:2      | Reached skill level 1 in Armour
  1106 | D:2      | Reached XP level 4. HP: 40/40 MP: 3/3
  1114 | D:2      | Found a faded altar of an unknown god.
  1135 | D:2      | Found Wucup's Antique Armour Shop.
  1337 | D:2      | Identified the +5 ring mail of the Original Sin {rC- Int+3
                  | Dex+9 Stlth+}
  1362 | D:2      | HP: 2/40 [gnoll/+0 spear (1)]
  1362 | D:2      | Slain by a gnoll

Illustrated notes

Levels and vault maps discovered:
D:1:      shiori_arrival_oz, layout_basic, minmay_misc_feat_square,
          serial_park_tiny_2, nicolae_the_louvre
D:2:      layout_rooms, chequers_ecumenical_altar_lobes, serial_shops, shop,
          nicolae_shop_peninsula, shop_fountains, minmay_increasing_density

Skill      XL: |  1  2  3 |
---------------+----------+-----
Dodging        | 3 |  3.0
Fighting       | 4 |  4.2
Armour         | 1 |  1.3
Unarmed Combat | 4 |  4.1

Action                     |  1- 3 |  4- 6 || total
---------------------------+-------+-------++-------
  Melee: Unarmed           |    58 |    32 ||    90
 Armour: Robe              |     3 |       ||     3
         Chain mail        |    27 |    37 ||    64
  Dodge: Dodged            |    18 |    11 ||    29

Table legend: (Time is in decaauts)
 A = Elapsed time spent in this place.
 B = Non-inter-level travel time spent in this place.
 C = Inter-level travel time spent in this place.
 D = Time resting spent in this place.
 E = Time spent auto-exploring this place.
 F = Levels seen in this place.
 G = Mean time per level.
                   A        B        C        D        E       F      G
               +--------+--------+--------+--------+--------+-----+--------+
         Total |   1355 |   1332 |     23 |     52 |   1059 |   2 |  677.5 |
       Dungeon |   1355 |   1332 |     23 |     52 |   1059 |   2 |  677.5 |
               +--------+--------+--------+--------+--------+-----+--------+

Top non-repeatable levels by time:
     D:1: 836 daAuts
     D:2: 518 daAuts
